 Dungeon Crawl Stone Soup version 0.28.0-53-g5a82cb258f (webtiles) character file.

Game seed: 12684473720666663923

595 bpung the Thrower (level 7, -1/84 HPs)
             Began as a Gnoll Hunter on Aug 16, 2022.
             Was a Follower of Makhleb.
             Slain by a killer bee (5 damage)
             ... on level 5 of the Dungeon.
             The game lasted 00:09:06 (5324 turns).

bpung the Thrower (Gnoll Hunter)                    Turns: 5324, Time: 00:09:07

Health: -1/84      AC: 23    Str: 12    XL:     7   Next: 40%
Magic:  10/10      EV:  2    Int: 12    God:    Makhleb [*.....]
Gold:   175        SH:  0    Dex: 12    Spells: 10/10 levels left

rFire   . . .      SeeInvis .   a - +1 rapier (venom)
rCold   . . .      Faith    .   (no shield)
rNeg    . . .      Spirit   .   (armour currently unavailable)
rPois   +          Reflect  .   (helmet currently unavailable)
rElec   .          Harm     .   (cloak currently unavailable)
rCorr   .          Rampage  .   (gloves currently unavailable)
Will    +....      NoTele   +   (boots currently unavailable)
Stlth   +.........              (no amulet)
HPRegen 0.24/turn               t - ring of willpower
MPRegen 0.12/turn               (no ring)

@: confused, tree-form, ambrosia-drunk, hasted, very quick
A: stationary, stasis, torment immunity, boosted hp, (fangs 1), strong nose,
distributed training
a: Renounce Religion


You were on level 5 of the Dungeon.
You worshipped Makhleb.
Makhleb was aware of your devotion.
You were a tree.
You visited 1 branch of the dungeon, and saw 5 of its levels.

You collected 175 gold pieces.

Inventory:

Hand Weapons
 a - a +1 rapier of venom (weapon)
 b - a +1 dagger of holy wrath
 i - a +0 short sword
 o - a +0 dagger of speed
 q - a +1 dagger of draining
Missiles
 c - 6 javelins (quivered)
 d - 2 throwing nets
Armour
 j - a +0 cloak (melded)
 p - a +0 leather armour (melded)
Jewellery
 t - a ring of willpower (left branch)
Wands
 h - a wand of iceblast (9)
Scrolls
 e - a scroll of enchant weapon {unknown}
 k - a scroll of identify
 n - a scroll of enchant armour {unknown}
 r - 3 scrolls of blinking
Potions
 l - 4 potions of flight


   Skills:
 + Level 5.2 Fighting
 + Level 2.4 Short Blades
 + Level 2.4 Long Blades
 + Level 2.4 Axes
 + Level 2.4 Maces & Flails
 + Level 2.4 Polearms
 + Level 2.4 Staves
 + Level 2.4 Slings
 + Level 2.4 Bows
 + Level 2.4 Crossbows
 + Level 8.9 Throwing
 + Level 2.4 Armour
 + Level 5.2 Dodging
 + Level 3.4 Stealth
 + Level 2.4 Shields
 + Level 2.4 Unarmed Combat
 + Level 2.4 Spellcasting
 + Level 2.0 Conjurations
 + Level 2.0 Hexes
 + Level 2.0 Summonings
 + Level 2.0 Necromancy
 + Level 2.0 Translocations
 + Level 2.0 Transmutations
 + Level 2.0 Fire Magic
 + Level 2.0 Ice Magic
 + Level 2.0 Air Magic
 + Level 2.0 Earth Magic
 + Level 2.0 Poison Magic
 + Level 2.7 Invocations
 + Level 2.4 Evocations


You had 10 spell levels left.
You didn't know any spells.
Your spell library contained the following spells:

 Spells                   Type           Power      Damage    Failure   Level
 Tukima's Dance           Hex            6%         N/A       34%         3
 Passage of Golubria      Tloc           6%         N/A       75%         4
 Yara's Violent Unravell  Hex/Tmut       3%         3d4       97%         5


Dungeon Overview and Level Annotations

Branches:
Dungeon (5/15)
 Temple: D:4-7

Altars:
Makhleb

Shops:
D:1 ?

Annotations:
D:4 Menkaure


Innate Abilities, Weirdness & Mutations

You are a tree.
Your roots penetrate the ground, keeping you stationary.
You cannot be teleported.
You are immune to unholy pain and torment.
Your maximum health is greatly increased.
Your equipment is partially melded.
((You have very sharp teeth.))
Your uncanny sense of smell can sniff out nearby items.
Your experience applies equally to all skills.


Message History

* * * LOW HITPOINT WARNING * * *
The killer bee stings you but does no damage. x2
You closely miss the killer bee.
The killer bee is moderately wounded.
The killer bee stings you but does no damage. x4
The killer bee stings you.
* * * LOW HITPOINT WARNING * * *
Unknown command.
You feel yourself speed up.
The killer bee stings you but does no damage. x2
The killer bee stings you.
* * * LOW HITPOINT WARNING * * *
The killer bee stings you.
* * * LOW HITPOINT WARNING * * *
You are confused.
You feel invigorated. The killer bee stings you.
* * * LOW HITPOINT WARNING * * *
The killer bee stings you but does no damage. x2
You feel as though your hastened speed will last longer.
The killer bee stings you but does no damage. x2
You cannot move. (Use ctrl+direction or * direction to attack without moving.)
You cannot move. (Use ctrl+direction or * direction to attack without moving.)
You cannot move. (Use ctrl+direction or * direction to attack without moving.)
You cannot move. (Use ctrl+direction or * direction to attack without moving.)
You attack the stone wall.
The killer bee stings you!
* * * LOW HITPOINT WARNING * * *
The killer bee stings you.
* * * LOW HITPOINT WARNING * * *
The killer bee stings you but does no damage.
You are too confused!
Confused hit: a) +1 rapier (venom)
Press: ? - help, Dir - move target, f - killer bee
Aim: a killer bee (moderately wounded, about 78% to evade your +1 rapier of venom)
You miss the killer bee.
The killer bee is moderately wounded.
The killer bee stings you.
* * * LOW HITPOINT WARNING * * *
The killer bee stings you but does no damage.
The killer bee stings you.
You die...

#..........#
#..........#
##..........#
.<............#
.......$......#
#..............#
#..............#
#.........##y###
####.......y♣.#
#.....#....#
#.....#....#
#.... #....#
#[.. #....# .
######


You could see 2 killer bees.

Vanquished Creatures
  A centaur (D:3)
  A necrophage (D:5)
  A scorpion (D:5)
  2 killer bees (D:5)
  A jelly (D:5)
  2 bullfrog zombies
  A hound (D:4)
  A hound skeleton (D:2)
  3 gnolls (D:5)
  3 adders
  A worm (D:4)
  2 dart slugs
  6 orcs (D:5)
  6 ball pythons
  5 endoplasms
  A giant cockroach (D:3)
  4 goblins
  3 hobgoblins
  9 jackals
  9 kobolds
  3 quokkas
  A bat (D:1)
  2 frilled lizards
  6 rats
74 creatures vanquished.

Vanquished Creatures (others)
  A gnoll shaman (D:5)
  A gnoll (D:5)
  A rat (D:1)
  5 fungi (D:5)
  2 plants (D:1)
  4 toadstools (D:5)
  4 withered plants (D:1)
18 creatures vanquished.

Grand Total: 92 creatures vanquished

Notes
Turn   | Place    | Note
-------+----------+-------------------------------------------
     0 | D:1      | bpung the Gnoll Hunter began the quest for the Orb.
     0 | D:1      | Reached XP level 1. HP: 20/20 MP: 1/1
   140 | D:1      | Reached XP level 2. HP: 20/26 MP: 2/2
   254 | D:1      | Found a faded altar of an unknown god.
   272 | D:1      | Found Ningoell's Magic Scroll Boutique.
   747 | D:1      | Reached XP level 3. HP: 31/31 MP: 3/3
  1217 | D:2      | Reached skill level 1 in Invocations
  1731 | D:2      | Reached skill level 1 in Short Blades
  1731 | D:2      | Reached skill level 1 in Long Blades
  1731 | D:2      | Reached skill level 1 in Axes
  1731 | D:2      | Reached skill level 1 in Maces & Flails
  1731 | D:2      | Reached skill level 1 in Polearms
  1731 | D:2      | Reached skill level 1 in Staves
  1731 | D:2      | Reached skill level 1 in Slings
  1731 | D:2      | Reached skill level 1 in Bows
  1731 | D:2      | Reached skill level 1 in Crossbows
  1731 | D:2      | Reached skill level 1 in Armour
  1731 | D:2      | Reached skill level 1 in Shields
  1731 | D:2      | Reached skill level 1 in Unarmed Combat
  1731 | D:2      | Reached skill level 1 in Spellcasting
  1731 | D:2      | Reached skill level 1 in Evocations
  2309 | D:3      | Reached XP level 4. HP: 38/38 MP: 5/5
  2604 | D:3      | Found a burning altar of Makhleb.
  2604 | D:3      | Noticed a cacodemon
  2607 | D:3      | Noticed a smoke demon
  2607 | D:3      | Noticed a hellwing
  2609 | D:3      | Became a worshipper of Makhleb the Destroyer
  2672 | D:3      | Noticed a centaur
  2687 | D:3      | Killed a centaur
  2688 | D:3      | Reached skill level 1 in Conjurations
  2688 | D:3      | Reached skill level 1 in Hexes
  2688 | D:3      | Reached skill level 1 in Summonings
  2688 | D:3      | Reached skill level 1 in Necromancy
  2688 | D:3      | Reached skill level 1 in Translocations
  2688 | D:3      | Reached skill level 1 in Transmutations
  2688 | D:3      | Reached skill level 1 in Fire Magic
  2688 | D:3      | Reached skill level 1 in Ice Magic
  2688 | D:3      | Reached skill level 1 in Air Magic
  2688 | D:3      | Reached skill level 1 in Earth Magic
  2688 | D:3      | Reached skill level 1 in Poison Magic
  2688 | D:3      | Reached XP level 5. HP: 23/43 MP: 5/7
  3452 | D:4      | Reached XP level 6. HP: 43/50 MP: 8/8
  3628 | D:4      | Noticed Menkaure
  4408 | D:5      | Entered Level 5 of the Dungeon
  4442 | D:5      | Reached * piety under Makhleb
  4710 | D:5      | Noticed a necrophage
  4732 | D:5      | Killed a necrophage
  4733 | D:5      | Reached skill level 5 in Fighting
  4733 | D:5      | Reached skill level 5 in Dodging
  5031 | D:5      | Reached XP level 7. HP: 22/56 MP: 10/10
  5324 | D:5      | HP: 4/84 [killer bee (3)]
  5324 | D:5      | Slain by a killer bee

Illustrated notes

Levels and vault maps discovered:
D:1:      co_arrival_square_in_a_square_in_a_square, layout_loops_ring,
          serial_shops, nicolae_shop_statue_plus,
          shapermc_ecumenical_altar_flowoftime
D:2:      layout_basic
D:3:      layout_basic, makhleb_altar_promises_db, serial_aquarium,
          aquarium_bridge_long_separate [aquarium_subvault_wall,
          aquarium_subvault_bridge, aquarium_subvault_bridge,
          aquarium_subvault_bridge, aquarium_subvault_balcony,
          aquarium_subvault_bridge], aquarium_window_fake, aquarium_window_2,
          aquarium_view_2a, aquarium_pool_2
D:4:      layout_basic, uniq_menkaure
D:5:      layout_gridville, nicolae_ru_great_annihilating_truth,
          portal_sewer_entry_e, minmay_gold_behind_fungi, lemuel_old_faithful

Skill      XL: |  1  2  3  4  5  6  7 |
---------------+----------------------+-----
Invocations    | 1 2 |  2.7
Short Blades   | 1 2 |  2.4
Long Blades    | 1 2 |  2.4
Axes           | 1 2 |  2.4
Maces & Flails | 1 2 |  2.4
Polearms       | 1 2 |  2.4
Staves         | 1 2 |  2.4
Slings         | 1 2 |  2.4
Bows           | 1 2 |  2.4
Crossbows      | 1 2 |  2.4
Armour         | 1 2 |  2.4
Shields        | 1 2 |  2.4
Unarmed Combat | 1 2 |  2.4
Spellcasting   | 1 2 |  2.4
Evocations     | 1 2 |  2.4
Conjurations   | 1 2 |  2.0
Hexes          | 1 2 |  2.0
Summonings     | 1 2 |  2.0
Necromancy     | 1 2 |  2.0
Translocations | 1 2 |  2.0
Transmutations | 1 2 |  2.0
Fire Magic     | 1 2 |  2.0
Ice Magic      | 1 2 |  2.0
Air Magic      | 1 2 |  2.0
Earth Magic    | 1 2 |  2.0
Poison Magic   | 1 2 |  2.0
Stealth        | 3 |  3.4
Fighting       | 5 |  5.2
Dodging        | 5 |  5.2
Throwing       | |  8.9

Action                   |  1- 3 |  4- 6 |  7- 9 || total
-------------------------+-------+-------+-------++-------
Melee: Short sword       |    95 |       |       ||    95
       Bite              |    26 |    16 |     2 ||    44
       Punch             |     4 |     1 |       ||     5
       Dagger            |    92 |    19 |       ||   111
       Rapier            |     1 |   111 |    29 ||   141
  Use: Potion            |       |     6 |     4 ||    10
       Scroll            |       |     4 |       ||     4
 Stab: Sleeping          |     2 |     4 |     1 ||     7
       Distracted        |       |     1 |       ||     1
Armor: Leather armour    |    35 |    29 |     6 ||    70
       Skin              |       |       |    33 ||    33
Dodge: Dodged            |    98 |    92 |    28 ||   218
